Map: Opérations galactiques EC

Players

Zerchilin - Winner!

  • Race: Terran Terran
  • League: Diamond

Worming

  • Race: Zerg Zerg
  • League: Diamond

VOD

Have the link to the VOD?

Description

Time

  • Played on: Oct. 9, 2016, 8:56 a.m.
  • Length: 13:31
Show
View Real Time Build Order
Export as new Build Order

Zerchilin Terran - Winner!

Build Orders: Reaper Expand, Bio Tank 

Get SALT Encoding   

  12  0:01  SCV  
  13  0:13  SCV  
  14  0:17  Supply Depot  
  14  0:25  SCV  
  15  0:39  SCV  
  15  0:42  Barracks  
  16  0:45  Refinery  
  16  0:51  SCV  
  17  1:03  SCV  
  18  1:15  SCV  
  19  1:28  Orbital Command  
  19  1:29  Reaper  
  20  1:47  Command Center  
  20  1:54  SCV  
  20  1:59  Barracks  
  21  2:03  Barracks Reactor  
  21  2:07  SCV  
  22  2:14  Supply Depot  
  22  2:19  SCV  
  23  2:27  Factory  
  23  2:29  Refinery  
  23  2:36  SCV  
  24  2:40  Marine x2  
  26  2:47  Barracks Tech Lab  
  26  2:48  SCV  
  27  3:01  Orbital Command  
  27  3:02  SCV  
  28  3:07  Marine x2  
  28  3:08  Marine  
  31  3:14  SCV  
  31  3:18  Factory Reactor, Starport  
  32  3:26  SCV  
  33  3:31  SCV  
  33  3:32  Marine x3  
  37  3:44  SCV  
  37  3:46  SCV  
  39  3:53  Supply Depot  
  39  3:55  Marine  
  39  3:56  Marine x2  
  42  4:05  SCV x2  
  44  4:14  Marine x2  
  44  4:15  Medivac x2, Supply Depot  
  44  4:16  Stimpack  
  50  4:17  SCV  
  50  4:18  SCV  
  50  4:22  Supply Depot  
  52  4:24  Factory Tech Lab  
  52  4:26  Marine  
  52  4:30  SCV  
  54  4:37  SCV  
  55  4:39  Supply Depot  
  55  4:40  Marine x2  
  55  4:42  SCV  
  58  4:47  Siege Tank  
  58  4:49  SCV  
  58  4:51  Marine  
  63  4:54  SCV  
  63  4:57  Marine  
  63  4:58  Refinery x2  
  65  5:01  SCV  
  65  5:02  Medivac  
  65  5:03  Barracks  
  68  5:13  Marine x2  
  70  5:16  SCV  
  70  5:17  SCV  
  70  5:19  Siege Tank  
  75  5:25  Marine  
  75  5:29  SCV x2  
  77  5:37  Marine  
  77  5:41  Command Center  
  77  5:42  Supply Depot  
  78  5:49  Supply Depot  
  78  5:51  Medivac x2, SCV x2, Marine x2  
  86  5:58  Barracks Reactor  
  86  6:04  Marine  
  87  6:06  SCV x2  
  87  6:09  Factory Reactor  
  89  6:11  Engineering Bay x2  
  89  6:19  SCV x2  
  89  6:20  Barracks  
  89  6:21  Combat Shields, Barracks  
  91  6:31  SCV x2  
  93  6:44  Liberator  
  83  6:57  Marine x3  
  83  6:58  Marauder, Marine  
  83  7:00  Medivac  
  92  7:10  Siege Tank  
  95  7:16  Marine x4  
  95  7:17  Barracks Reactor x2  
  95  7:18  SCV  
  95  7:19  SCV  
  101  7:33  Marine  
  101  7:34  Marine  
  103  7:37  Marauder  
  103  7:40  Supply Depot  
  103  7:42  Siege Tank, Missile Turret  
  108  7:44  Terran Infantry Weapons Level 1, Terran Infantry Armor Level 1  
  108  7:45  Supply Depot  
  108  7:57  SCV x2  
  110  8:02  Medivac x2  
  110  8:03  Marine x4  
  110  8:04  Marine x3  
  110  8:05  Marauder  
  123  8:06  Concussive Shells  
  123  8:09  SCV x2  
  125  8:14  Siege Tank  
  118  8:21  SCV  
  112  8:32  SCV  
  112  8:33  SCV  
  114  8:37  Marauder, Marine x6  
  114  8:38  Marine  
  123  8:44  SCV  
  123  8:45  SCV  
  123  8:46  Siege Tank  
  129  8:49  Orbital Command  
  128  8:56  SCV  
  128  8:58  Marauder  
  128  9:02  SCV  
  132  9:04  Marine  
  132  9:08  Supply Depot  
  133  9:10  Supply Depot  
  133  9:11  Supply Depot  
  133  9:12  Armory  
  133  9:13  Supply Depot  
  133  9:14  Marine x3  
  133  9:30  SCV, Siege Tank, Marine x4  
  128  9:49  Marauder, Marine  
  117  9:53  Marine x2  
  117  9:54  Marine x2  
  119  10:02  Marine  
  119  10:03  Marine x2  
  122  10:07  Marine  
  122  10:08  Liberator x2, Barracks x2, Supply Depot  
  122  10:09  Terran Infantry Weapons Level 2, Barracks, Terran Infantry Armor Level 2  
  122  10:11  Supply Depot x2, Marauder  
  122  10:13  Refinery, Siege Tank  
  128  10:14  Refinery  
  128  10:21  Marine x3  
  128  10:22  Marine x4  
  141  10:29  SCV x3  
  141  10:32  Marauder  
  141  10:34  Marine  
  147  10:39  Supply Depot x2, Marine x3  
  147  10:41  SCV x3  
  135  10:52  Siege Tank  
  135  10:53  Marine x4  
  135  10:54  Marauder  
  144  11:06  Liberator x2  
  144  11:11  Barracks Tech Lab, Marine  
  142  11:12  Barracks Tech Lab  
  142  11:15  Marauder  
  145  11:19  Marine  
  145  11:20  Marine x6  
  158  11:35  Command Center  
  158  11:36  Marauder  
  142  11:55  Marine  
  142  11:56  Marauder x2, Marine x5  
  142  11:57  Marine x2  
  142  11:58  Siege Tank, Marauder  
  155  12:05  Marine x2  
  150  12:13  Marine x2  
  150  12:14  Marine x2  
  155  12:15  SCV x2  
  155  12:17  Marauder x2  
  155  12:19  Marauder  
  155  12:30  Siege Tank, Marine  
  155  12:36  Marine x3  
  155  12:37  Marine x2  
  161  12:38  Marauder x2  
  161  12:41  Marauder  
  161  12:46  Marine  
  161  12:55  Marine x2  
  161  12:56  Marine  
  163  13:00  Marauder x2  
  163  13:02  Marauder  
Show
View Real Time Build Order
Export as new Build Order

Worming Zerg 

Build Orders: Hatch First 

Get SALT Encoding   

  12  0:08  Drone  
  12  0:12  Overlord  
  13  0:20  Drone  
  14  0:32  Drone x2  
  16  0:42  Drone  
  17  0:54  Hatchery  
  16  0:58  Drone  
  17  1:12  Spawning Pool  
  17  1:14  Drone  
  17  1:17  Drone  
  18  1:21  Extractor  
  17  1:26  Drone  
  18  1:34  Drone  
  19  1:46  Overlord  
  19  1:58  Queen  
  19  1:59  Zergling x2  
  22  2:06  Queen  
  24  2:09  Drone  
  24  2:13  Drone  
  26  2:17  Drone  
  27  2:25  Metabolic Boost  
  27  2:34  Queen, Zergling x2  
  27  2:35  Drone x2  
  32  2:43  Overlord  
  32  2:47  Drone  
  33  3:09  Drone x7  
  40  3:19  Drone x3  
  43  3:21  Hatchery  
  43  3:23  Overlord  
  42  3:28  Overlord  
  42  3:31  Overlord  
  42  3:37  Extractor  
  41  3:41  Extractor  
  41  3:43  Overlord  
  40  3:51  Drone x3  
  43  3:58  Roach Warren  
  43  4:00  Drone x3  
  43  4:02  Evolution Chamber  
  44  4:05  Drone x3  
  47  4:11  Lair  
  47  4:20  Zergling x2  
  47  4:21  Zergling x8  
  52  4:25  Drone  
  52  4:27  Zerg Missile Weapons Level 1  
  52  4:30  Drone  
  54  4:33  Overlord  
  54  4:35  Zergling x4  
  56  4:45  Roach x4  
  64  4:54  Drone  
  64  4:55  Drone  
  64  4:56  Drone x2  
  64  4:57  Overlord  
  64  4:59  Roach  
  70  5:10  Glial Reconstitution  
  70  5:38  Drone x11, Overlord  
  70  5:39  Overlord x5  
  81  5:46  Hydralisk Den  
  81  5:47  Roach  
  82  5:57  Extractor  
  82  6:04  Roach x7  
  95  6:06  Ravager x4  
  95  6:07  Ravager  
  95  6:10  Drone x3  
  103  6:11  Zergling x2  
  104  6:19  Zergling x10  
  104  6:20  Zergling x2  
  110  6:28  Hydralisk  
  110  6:31  Roach x2  
  116  6:34  Ravager  
  105  6:51  Hydralisk x3  
  105  6:52  Zergling x8  
  110  7:13  Extractor  
  110  7:14  Zerg Missile Weapons Level 2, Extractor  
  110  7:15  Spire  
  107  7:18  Drone x3  
  107  7:19  Drone x3  
  107  7:20  Drone x2  
  115  7:38  Infestation Pit, Hatchery  
  112  7:50  Overseer  
  110  7:53  Pneumatized Carapace  
  110  8:00  Spore Crawler, Overseer  
  110  8:03  Spore Crawler  
  108  8:06  Spore Crawler  
  76  8:27  Roach x4  
  76  8:28  Roach x18  
  120  8:45  Zergling x2  
  120  8:47  Overlord x5  
  120  8:48  Overlord  
  121  8:53  Zerg Flyer Weapons Level 1  
  121  8:54  Hive  
  121  8:55  Spore Crawler  
  120  8:56  Zergling x2  
  120  8:57  Zergling x4  
  120  8:59  Queen x2  
  127  9:03  Hatchery  
  126  9:20  Ravager x3  
  126  9:21  Spore Crawler, Ravager, Hydralisk x2  
  126  9:22  Zergling x20  
  143  9:24  Corruptor  
  143  9:25  Corruptor  
  143  9:31  Zerg Ground Armor Level 1  
  145  9:33  Overlord  
  132  9:39  Hydralisk x2  
  132  9:40  Zergling x4  
  128  9:52  Hydralisk x2  
  112  9:53  Zergling x8  
  112  9:54  Roach x3  
  112  9:58  Lurker Den  
  121  10:01  Roach x2  
  121  10:06  Drone x4  
  129  10:19  Drone x4  
  129  10:21  Hydralisk  
  133  10:23  Ravager x2  
  133  10:24  Ravager x4  
  133  10:25  Roach x2  
  145  10:32  Roach x5  
  145  10:33  Zergling x2  
  109  10:52  Roach  
  109  10:53  Roach x10  
  109  10:54  Zergling x2  
  109  10:55  Zergling x2  
  98  11:18  Ravager x3  
  93  11:19  Hydralisk x3  
  93  11:20  Roach  
  93  11:21  Roach  
  93  11:22  Zergling x2, Roach x4  
  116  11:28  Zergling x2, Roach x4  
  116  11:29  Zergling x2  
  97  11:56  Roach x5  
  97  11:57  Zergling x4, Roach x8  
  111  12:08  Roach x6  
  107  12:14  Extractor  
  107  12:15  Extractor  
  98  12:26  Ravager  
  98  12:28  Hydralisk x3  
  100  12:32  Zergling x4  
  104  12:43  Corruptor x2  
  104  12:44  Corruptor  
  92  12:45  Zergling x4  
  75  12:59  Lurker x2  
  74  13:11  Roach  
  74  13:12  Roach x8  
  92  13:18  Hatchery  
Tags
 
Add a new tag
Caveats
  • Supply blocks, unpowered buildings, or Contaminate may cause inaccurate times.
  • Supply counts are checked every 10 seconds.